 Dungeon Crawl Stone Soup version 0.31.0-4-g52a2dc7128 (webtiles) character file.

Game seed: 15313760903287162215

30 zenocrate the Sneak (level 3, -3/11 (16) HPs)
             Began as a Vine Stalker Enchanter on Jan 22, 2024.
             Slain by Jessica
             ... wielding a +2 dagger of draining
              (6 damage)
             ... on level 1 of the Dungeon.
             The game lasted 00:01:47 (740 turns).

zenocrate the Sneak (Vine Stalker Enchanter)         Turns: 740, Time: 00:01:47

HP:   -3/11 (16)    AC:  2    Str: 10    XL:     3   Next: 20%
MP:   0/7           EV: 12    Int: 15    God:
Gold: 57            SH:  0    Dex: 16    Spells: 1/6 levels left

rFire   . . .        a - +1 dagger
rCold   . . .        (no shield)
rNeg    . . .        d - +0 robe
rPois   .            (no helmet)
rElec   .            (no cloak)
rCorr   .            (no gloves)
SInv    .            (no boots)
Will    .....        (no amulet)
Stlth   +++          (no ring)
HPRegen 1.01/turn    (no ring)
MPRegen 0.10/turn

%: guardian spirit
@: very heavily drained
A: fangs 2, regeneration 1, magic shield, antimagic bite, no potion heal 2
a: no special abilities


You were on level 1 of the Dungeon.
You visited 1 branch of the dungeon, and saw 2 of its levels.

You collected 57 gold pieces.

Inventory:

Hand Weapons
 a - a +1 dagger (weapon)
 b - a +0 dagger of flaming
Missiles
 e - 2 curare-tipped darts
 f - 5 poisoned darts (quivered)
Armour
 d - a +0 robe (worn)
Scrolls
 h - a scroll of enchant weapon {unknown}
 j - a scroll of enchant armour {unknown}
Potions
 c - 2 potions of invisibility
 g - a potion of degeneration {unknown}
 i - a potion of mutation {unknown}


   Skills:
 * Level 1.7 Short Blades
 + Level 1.8 Dodging
 + Level 4.1 Stealth
 - Level 2.1 Spellcasting
 + Level 3.3 Hexes
 + Level 0.2 Ice Magic


You had one spell level left.
You knew the following spells:

 Your Spells              Type           Power      Damage    Failure   Level
a - Ensorcelled Hibernat  Hex/Ice        14%        N/A       16%         2
b - Confusing Touch       Hex            11%        N/A       17%         3

Your spell library contained the following spells:

 Spells                   Type           Power      Damage    Failure   Level
 Necrotise                Necr           4%         1d4       22%         1
 Tukima's Dance           Hex            11%        N/A       17%         3
 Dazzling Flash           Conj/Hex       12%        N/A       32%         3
 Ozocubu's Armour         Ice            2%         N/A       52%         3
 Fugue of the Fallen      Necr           1%         N/A       54%         3
 Vampiric Draining        Necr           1%         2d6       54%         3
 Manifold Assault         Tloc           1%         N/A       91%         4
 Martyr's Knell           Necr/Summ      1%         N/A       91%         4
 Curse of Agony           Necr           1%         N/A       99%         5


Dungeon Overview and Level Annotations

Branches:
Dungeon (2/15)

Altars:

Annotations:
D:1 Jessica


Innate Abilities, Weirdness & Mutations

You have extremely sharp teeth.
Your natural rate of healing is unusually fast.
When hurt, damage is shared between your health and your magic reserves.
Your bite disrupts and absorbs the magic of your enemies.
Potions cannot restore your health.


Message History

You tear a large gash into the net.
Jessica looks very angry.
Jessica hits you with a +2 dagger of draining!
You feel drained. Jessica barely misses you.
You shred the net and break free!
The gnoll throws a throwing net.
The throwing net misses you.
Jessica mumbles some strange words.
Jessica blinks!
Jessica completely misses you.
Jessica hits you with a +2 dagger of draining.
You feel drained.
You climb upwards.
There is a stone staircase leading down here.
Unknown command.
Casting: Ensorcelled Hibernation (safe; 16% risk of failure)
Confirm with . or Enter, or press ? or * to list all spells.
You don't have enough magic to cast this spell.
Unknown command.
Unknown command.
You closely miss Jessica. You bite Jessica.
Jessica's magic leaks into the air.
You drain her magic.
You feel invigorated.
Jessica is lightly wounded.
Jessica hits you with a +2 dagger of draining.
* * * LOW HITPOINT WARNING * * *
You feel drained.
* * * LOW HITPOINT WARNING * * *
Unknown command.
Okay, then.
You hit Jessica.
Jessica is heavily wounded.
Jessica shouts, "You are a ghastly nuisance!"
Jessica hits you with a +2 dagger of draining.
You feel drained.
Unknown command.
Unknown command.
You barely miss Jessica.
Jessica is heavily wounded.
Jessica hits you with a +2 dagger of draining.
Ouch! That really hurt!
You die...

####### #.....#
#####.....# #####
###.........###...#
................@.#
###.###.....###.@.#
#.# #.....# #...#
#.# #(....# ##.##
#.# #####.####.#
#.# #......# #.#
######.######## #.#
#........# #.#
#..#####.#


You could see Jessica (fast, magic disrupted).

Vanquished Creatures
  2 dart slugs (D:1)
  4 ball pythons (D:1)
  A giant cockroach (D:1)
  3 goblins (D:1)
  3 quokkas (D:1)
  2 bats
  3 frilled lizards (D:1)
  3 kobolds (D:1)
  6 rats (D:1)
27 creatures vanquished.

Notes
Turn   | Place    | Note
-------+----------+-------------------------------------------
     0 | D:1      | zenocrate the Vine Stalker Enchanter began the quest for
                  | the Orb.
     0 | D:1      | Reached XP level 1. HP: 9/9 MP: 4/4
    41 | D:1      | Reached skill level 1 in Short Blades
    70 | D:1      | Reached XP level 2. HP: 13/13 MP: 6/6
    73 | D:1      | Learned a level 2 spell: Ensorcelled Hibernation
   260 | D:1      | Reached skill level 4 in Stealth
   306 | D:1      | Reached XP level 3. HP: 16/16 MP: 4/7
   310 | D:1      | Learned a level 3 spell: Confusing Touch
   725 | D:2      | Noticed Jessica
   740 | D:1      | Slain by Jessica

Illustrated notes

Levels and vault maps discovered:
D:1:      nicolae_arrival_memento_mori, layout_basic
D:2:      layout_basic, minmay_hexomino_u4, uniq_jessica

Skill      XL: |  1  2 |
---------------+-------+-----
Short Blades   | 1 |  1.7
Stealth        | 4 |  4.1
Dodging        | |  1.8
Spellcasting   | |  2.1
Hexes          | |  3.3
Ice Magic      | |  0.2

Action                     || total
---------------------------++-------
  Melee: Dagger            ||    60
         Bite              ||    14
   Cast: Ensorcelled Hiber ||     7
   Stab: Sleeping          ||    13
         Distracted        ||     1
 Armour: Robe              ||    26
  Dodge: Dodged            ||    29
